AoeStats
← chsu25

Arena

507202961Analyzed
4v4 RM · 17d ago on Sep 17, 2026· 48m 19s· 8 players
Game mode
Random Map
Map size
Large (8 player)
Population
200
Speed
Normal
Resources
Standard
Victory
Conquest
Starting age
Dark Age
Ending age
Imperial Age
RankedLock teamsTeams togetherTeam positionsShared explorationLock speedFull tech treeHidden civsTurbo modeCheats
Victory
Defeat
🇦🇷 Franks · Argentina
1279
+15
🇹🇼 Spanish · Taiwan
1255
+16
1246
+17
🇹🇼 Hindustanis · Taiwan
1202
+20
🇺🇸 Britons · United States
1305
-19
🇵🇱 Byzantines · Poland
1295
-18
🇦🇷 Malay · Argentina
1235
-16
🇧🇷 Wei · Brazil
1224
-15
I ONLY MAKE SKIRMS
10:56 Feudal Age
11:01 Feudal Age
11:50 Double-Bit Axe
15:01 Castle Age
13:15 Horse Collar
16:01 Bow Saw
16:35 Heavy Plow
18:49 Loom
21:33 Wheelbarrow
21:45 Gold Mining
23:07 Hand Cart
29:02 Imperial Age
26:19 Town Watch
26:37 Treadmill Crane
26:48 Guard Tower
27:09 Forging
27:01 Padded Archer Armor
26:51 Fletching
27:07 Stone Mining
28:08 Leather Archer Armor
28:17 Ballistics
28:44 Gold Shaft Mining
27:33 Crossbowman
28:18 Bodkin Arrow
29:18 Arbalester
30:11 Bracer
31:51 Yeomen
33:18 Ring Archer Armor
33:21 Town Patrol
33:10 Arrowslits
34:26 Chemistry
34:01 Keep
33:15 Arrowslits
34:30 Chemistry
33:36 Siege Engineers
34:55 Conscription
36:54 Two-Man Saw
37:56 Pikeman
37:57 Man-at-Arms
38:23 Gambesons
38:38 Squires
38:23 Arson
38:39 Scale Mail Armor
38:50 Forging
41:22 Masonry
LVDB_Curandero
8:49 Feudal Age
8:24 Double-Bit Axe
8:20 Horse Collar
17:25 Castle Age
15:42 Gold Mining
17:19 Bow Saw
20:15 Heavy Plow
23:35 Wheelbarrow
22:45 Town Watch
24:19 Loom
27:15 Hand Cart
30:12 Imperial Age
28:28 Padded Archer Armor
28:19 Fletching
29:05 Murder Holes
28:44 Crossbowman
29:52 Leather Archer Armor
30:43 Chemistry
29:36 Arbalester
30:21 Thumb Ring
30:43 Forging
30:28 Bodkin Arrow
29:55 Pikeman
30:36 Squires
31:51 Ring Archer Armor
31:06 Halberdier
32:29 Conscription
33:19 Ballistics
32:53 Arson
34:19 Bracer
35:32 Iron Casting
37:18 Treadmill Crane
37:49 Masonry
39:20 Gold Shaft Mining
38:35 Stone Mining
39:58 Blast Furnace
38:38 Sappers
41:58 Crop Rotation
45:08 Masonry
45:03 Siege Engineers
46:53 Elite Skirmisher
dannyfluffy
10:42 Feudal Age
15:22 Castle Age
13:38 Double-Bit Axe
14:59 Stone Mining
15:00 Horse Collar
18:52 Bow Saw
21:40 Fervor
28:04 Imperial Age
25:41 Gold Mining
26:51 Forging
26:47 Scale Barding Armor
26:44 Scale Mail Armor
28:04 Pikeman
29:21 Iron Casting
29:01 Chain Mail Armor
30:10 Wheelbarrow
30:39 Halberdier
32:55 Plate Mail Armor
34:06 Two-Man Saw
33:47 Squires
33:32 Arson
34:43 Treadmill Crane
35:39 Padded Archer Armor
38:06 Chemistry
37:08 Loom
38:00 Leather Archer Armor
39:58 Gold Shaft Mining
39:58 Stone Shaft Mining
39:58 Gold Shaft Mining
40:12 Ring Archer Armor
42:22 Stone Shaft Mining
42:08 Fletching
44:17 Light Cavalry
45:04 Scale Barding Armor
45:04 Elite Skirmisher
45:51 Thumb Ring
46:07 Ballistics
46:08 Bombard Tower
46:59 Caravan
Komo Kazada
10:09 Feudal Age
14:05 Castle Age
12:37 Double-Bit Axe
12:46 Horse Collar
13:10 Gold Mining
15:33 Bow Saw
20:23 Wheelbarrow
21:17 Stone Mining
21:37 Heavy Plow
23:15 Loom
25:51 Tuntian
27:07 Hand Cart
27:32 Gold Shaft Mining
27:32 Stone Shaft Mining
30:41 Imperial Age
29:01 Bloodlines
28:52 Husbandry
30:45 Heavy Hei Guang Cavalry
32:38 Ming Guang Armor
32:34 Conscription
34:35 Scale Barding Armor
34:41 Forging
35:41 Chain Barding Armor
36:42 Scale Mail Armor
37:48 Iron Casting
38:12 Thumb Ring
38:01 Fletching
38:12 Padded Archer Armor
40:22 Caravan
40:28 Caravan
41:12 Light Cavalry
42:09 Chain Mail Armor
42:00 Hussar
42:11 Pikeman
44:03 Blast Furnace
42:59 Bodkin Arrow
43:20 Leather Archer Armor
45:00 Halberdier
寂寞帅哥等爱
8:22 Loom
10:32 Feudal Age
9:38 Double-Bit Axe
14:42 Castle Age
13:10 Bow Saw
14:00 Stone Mining
15:19 Wheelbarrow
18:03 Horse Collar
20:36 Gold Mining
22:05 Heavy Plow
24:06 Two-Man Saw
24:02 Gold Shaft Mining
28:55 Imperial Age
27:17 Hand Cart
27:41 Crop Rotation
28:44 Stone Shaft Mining
29:04 Ballistics
29:07 Burgundian Vineyards
30:36 Chemistry
30:02 Conscription
29:50 Scale Mail Armor
30:00 Forging
29:51 Scale Mail Armor
29:43 Town Watch
31:24 Chain Mail Armor
30:49 Pikeman
31:30 Squires
32:06 Iron Casting
31:36 Town Patrol
31:31 Halberdier
32:46 Plate Mail Armor
32:49 Fortified Wall
32:20 Treadmill Crane
34:56 Blast Furnace
38:31 Burgundian Vineyards
42:35 Fletching
46:08 Capped Ram
47:46 Scale Barding Armor
Lucas
11:02 Feudal Age
16:01 Castle Age
15:37 Double-Bit Axe
16:24 Loom
23:29 Horse Collar
26:08 Bow Saw
26:44 Wheelbarrow
27:05 Heavy Plow
27:17 Gold Mining
33:48 Imperial Age
31:47 Hand Cart
31:50 Fletching
33:26 Thumb Ring
33:27 Padded Archer Armor
33:23 Bodkin Arrow
33:41 Elite Skirmisher
35:46 Chemistry
36:39 Stone Mining
37:22 Ballistics
38:36 Bombard Tower
38:37 Bracer
38:43 Scale Barding Armor
40:03 Forging
41:03 Leather Archer Armor
43:34 Ring Archer Armor
44:01 Hoardings
42:59 Light Cavalry
43:50 Bloodlines
45:17 Chain Barding Armor
45:33 Iron Casting
44:22 Hussar
47:11 Town Watch
chsu25
10:35 Feudal Age
15:37 Castle Age
14:09 Double-Bit Axe
14:13 Horse Collar
16:52 Bow Saw
22:29 Heavy Plow
23:23 Wheelbarrow
24:04 Gold Mining
24:04 Stone Mining
28:53 Imperial Age
27:15 Scale Barding Armor
27:11 Scale Mail Armor
27:23 Forging
27:30 Squires
27:57 Arson
28:33 Chain Mail Armor
29:26 Iron Casting
28:23 Man-at-Arms
28:26 Pikeman
29:01 Loom
29:35 Hand Cart
29:15 Stone Mining
30:01 Gold Shaft Mining
29:10 Long Swordsman
29:34 Elite Ghulam
30:45 Conscription
31:27 Stone Shaft Mining
30:34 Two-Handed Swordsman
32:32 Chemistry
33:38 Champion
35:02 Scale Barding Armor
36:00 Blast Furnace
111111
10:53 Feudal Age
14:54 Castle Age
12:52 Double-Bit Axe
15:47 Bow Saw
21:52 Wheelbarrow
22:49 Gold Mining
24:09 Hand Cart
25:45 Gold Shaft Mining
25:32 Loom
28:42 Imperial Age
26:54 Scale Barding Armor
26:59 Forging
26:52 Stone Mining
27:39 Husbandry
27:56 Town Watch
28:33 Chain Barding Armor
29:50 Iron Casting
28:45 Cavalier
30:56 Plate Barding Armor
30:10 Paladin
35:27 Blast Furnace
34:18 Fletching
37:36 Conscription
39:43 Heavy Scorpion
41:28 Chemistry
41:39 Light Cavalry
42:59 Bodkin Arrow
43:16 Masonry
45:34 Ballistics
47:32 Siege Engineers
Connection lost

Rejoining the realm…

Still unreachable

The connection could not be restored.

Session expired

The server has moved on; the page needs a fresh start.